AoeStats
← fallenjbird

Nomad

509536531Analyzed
4v4 RM · 6d ago on Sep 27, 2026· 48m 21s· 8 players
Game mode
Random Map
Map size
231×231
Population
200
Speed
Normal
Resources
Standard
Victory
Conquest
Starting age
Dark Age
Ending age
Imperial Age
RankedLock teamsTeams togetherTeam positionsShared explorationLock speedFull tech treeHidden civsTurbo modeCheats
Victory
Defeat
🇳🇮 Vietnamese · Nicaragua
1107
+11
🇺🇸 Armenians · United States
1078
+12
🇲🇽 Japanese · Mexico
1076
+12
🇲🇽 Italians · Mexico
1052
+13
🇵🇪 Italians · Peru
1021
-13
🇺🇸 Turks · United States
1018
-12
🇺🇸 Huns · United States
978
-12
🇳🇿 Cumans · New Zealand
952
-35
fallenjbird
11:44 Loom
13:30 Feudal Age
17:53 Bloodlines
19:47 Scale Barding Armor
20:50 Forging
23:00 Gold Mining
23:55 Wheelbarrow
23:09 Double-Bit Axe
27:19 Castle Age
29:39 Gold Mining
32:11 Husbandry
37:40 Bow Saw
37:48 Town Watch
40:25 Fletching
bodkinboi
14:22 Feudal Age
18:37 Castle Age
17:35 Scale Barding Armor
19:04 Bloodlines
19:49 Forging
21:41 Iron Casting
34:37 Padded Archer Armor
34:42 Gold Mining
36:13 Leather Archer Armor
DesTajador
4:35 Loom
14:42 Feudal Age
18:01 Fishing Lines
21:22 Castle Age
19:57 Gold Mining
21:32 Double-Bit Axe
26:41 Medium Warships
27:48 Fletching
28:24 Padded Archer Armor
30:10 Wheelbarrow
29:55 Gillnets
30:48 Bodkin Arrow
35:00 Ballistics
34:57 Leather Archer Armor
42:12 Imperial Age
40:16 Murder Holes
39:45 Elite Skirmisher
41:47 Thumb Ring
41:54 Horse Collar
44:22 Chemistry
43:54 Ring Archer Armor
43:51 Crossbowman
44:38 Arbalester
45:44 Bracer
mandatum
10:03 Loom
23:21 Feudal Age
29:14 Double-Bit Axe
39:50 Castle Age
38:00 Gold Mining
38:01 Stone Mining
41:05 Medium Warships
MYTH NICAZ
3:58 Loom
16:31 Feudal Age
17:15 Fishing Lines
20:35 Castle Age
18:57 Double-Bit Axe
19:03 Stone Mining
19:04 Gold Mining
20:32 Fletching
20:42 Padded Archer Armor
21:25 Gillnets
21:51 Bow Saw
22:16 Gold Shaft Mining
22:48 Bodkin Arrow
23:47 Leather Archer Armor
28:46 Wheelbarrow
29:05 Scale Mail Armor
29:17 Forging
32:00 Imperial Age
30:07 Pikeman
31:28 Hand Cart
32:40 Chain Mail Armor
32:47 Elite Composite Bowman
38:21 Conscription
38:33 Ring Archer Armor
39:53 Ballistics
41:01 Town Watch
41:18 Bracer
41:11 Horse Collar
41:18 Treadmill Crane
42:39 Chemistry
43:48 Plate Mail Armor
43:53 Iron Casting
RADAMANTHYZ
18:23 Feudal Age
20:28 Gold Mining
24:55 Castle Age
25:50 Medium Warships
34:59 Imperial Age
32:36 Fletching
39:56 Forging
46:53 Squires
46:58 Scale Mail Armor
MAJEZTAD EZKANOR
17:04 Feudal Age
18:44 Wheelbarrow
17:56 Double-Bit Axe
18:21 Fishing Lines
20:43 Loom
26:45 Castle Age
26:56 Stone Mining
26:56 Gold Mining
28:11 Hand Cart
31:10 Fletching
32:26 Bodkin Arrow
36:42 Imperial Age
35:35 Gillnets
37:58 Conscription
38:35 Arson
38:51 Squires
38:11 Pikeman
38:53 Scale Mail Armor
39:04 Forging
40:30 Demolition Ship
41:36 Chain Mail Armor
41:57 Iron Casting
42:57 Plate Mail Armor
Wgonzalez079389
3:17 Loom
15:12 Feudal Age
16:33 Fishing Lines
18:48 Wheelbarrow
20:48 Castle Age
19:57 Double-Bit Axe
19:54 Horse Collar
20:49 Scale Barding Armor
20:56 Forging
23:48 Husbandry
23:59 Bloodlines
26:10 Hand Cart
26:29 Town Watch
27:16 Gillnets
27:15 Pikeman
29:56 Fletching
31:12 Gold Mining
31:34 Masonry
31:45 Ballistics
36:42 Heavy Plow
36:54 Bow Saw
36:47 Scale Mail Armor
39:49 Iron Casting
39:10 Bodkin Arrow
40:43 Bloodlines
44:10 Imperial Age
44:41 Elite Fire Lancer
45:10 Treadmill Crane
Connection lost

Rejoining the realm…

Still unreachable

The connection could not be restored.

Session expired

The server has moved on; the page needs a fresh start.